 Dungeon Crawl Stone Soup version 0.23-a0-169-gb21e695 (webtiles) character file.

6332 grindst0ne the Covert (level 10, -3/73 HPs)
             Began as an Octopode Fighter on Sept 11, 2018.
             Was a High Priest of Okawaru.
             Slain by a troll (6 damage)
             ... on level 9 of the Dungeon.
             The game lasted 00:13:16 (9788 turns).

grindst0ne the Covert (Octopode Fighter)            Turns: 9788, Time: 00:13:18

Health: -3/73      AC:  1    Str: 17    XL:     10   Next: 96%
Magic:  0/10       EV: 13    Int: 13    God:    Okawaru [*****.]
Gold:   469        SH: 11    Dex: 13    Spells: 9/9 levels left

rFire    . . .     SeeInvis +   a - +0 war axe
rCold    . . .     Gourm    .   b - +0 shield
rNeg     . . .     Faith    .   n - +0 hat
rPois    .         Spirit   +   w - amulet of guardian spirit
rElec    .         Reflect  .   s - ring of see invisible
rCorr    .         Harm     .   t - +2 ring of dexterity
MR       .....                  (no ring)
Stlth    +++++.....             (no ring)
HPRegen  0.22/turn              (no ring)
MPRegen  0.12/turn              (no ring)
                                (no ring)
                                (no ring)

@: no status effects
A: almost no armour, stealthy swim, amphibious, 8 rings, constrict 8, camouflage
1, gelatinous body 1
a: Heroism, Finesse, Renounce Religion


You were on level 9 of the Dungeon.
You worshipped Okawaru.
Okawaru was extremely pleased with you.
You were hungry.

You visited 2 branches of the dungeon, and saw 11 of its levels.

You collected 469 gold pieces.

Inventory:

Hand Weapons
 a - a +0 war axe (weapon)
Missiles
 E - 3 throwing nets (quivered)
Armour
 b - a +0 shield (worn)
 n - a +0 hat (worn)
Jewellery
 s - a ring of see invisible (left tentacle)
 t - a +2 ring of dexterity (right tentacle)
 w - an amulet of guardian spirit (around mantle)
Wands
 l - a wand of iceblast (8)
 p - a wand of flame (45)
 v - a wand of disintegration (6)
 B - a wand of digging (9)
 F - a wand of paralysis (15)
Scrolls
 c - a scroll of identify
 e - 2 scrolls of enchant armour
 f - 3 scrolls of blinking
 h - 3 scrolls of teleportation
 i - 2 scrolls of remove curse
 j - 2 scrolls of fear
 k - 2 scrolls of magic mapping
 m - 2 scrolls of immolation {unknown}
 o - 5 scrolls of fog
 y - a scroll of amnesia {unknown}
 z - a scroll of enchant weapon {unknown}
 A - a scroll of random uselessness {unknown}
 G - a scroll of acquirement {unknown}
Potions
 g - a potion of lignification {unknown}
 q - 2 potions of brilliance
 r - 2 potions of haste {unknown}
 u - a potion of ambrosia
 x - a potion of cancellation
 C - 2 potions of flight {unknown}
 D - a potion of agility {unknown}
Comestibles
 d - 20 rations


   Skills:
 + Level 8.9 Fighting
 + Level 8.6 Axes
 - Level 3.0 Dodging
 * Level 10.5 Stealth
 - Level 9.0 Shields


You had 9 spell levels left.
You didn't know any spells.
Your spell library was empty.

Dungeon Overview and Level Annotations

Branches:
Dungeon (10/15)            Temple (1/1) D:5
   Lair: D:8-11         Orc: D:9-12

Altars:
Ashenzari
Cheibriados
Dithmenos
Elyvilon
Fedhas
Hepliaklqana
Kikubaaqudgha
Makhleb
Nemelex Xobeh
Okawaru
Qazlal
Ru
Sif Muna
Trog
Uskayaw
Vehumet
Wu Jian
Xom
Yredelemnul
Zin

Annotations:
D:7 exclusion: downstairs
D:8 1 runed door, exclusion: downstairs, Scuka's ghost, novice GrFi


Innate Abilities, Weirdness & Mutations

You cannot wear most types of armour.
You are very stealthy in the water. (Stealth+)
You are amphibious.
You can wear up to eight rings at the same time.
You can use your tentacles to constrict eight enemies at once.
Your skin changes colour to match your surroundings (Stealth+).
Your rubbery body absorbs attacks. (AC +1, EV +1)


Message History

You hit the troll.
The troll is heavily wounded.
You block the troll's attack. The troll claws you! The troll barely misses you.
You hit the troll.
The troll is severely wounded.
The troll bites you! You block the troll's attack. x2
The troll closely misses you. You block the troll's attack.
The troll claws you!
You closely miss the troll. You squeeze the troll!
The troll is almost dead.
A bullfrog comes into view.
You block the troll's attack. x2; The troll claws you!
* * * LOW HITPOINT WARNING * * *
You closely miss the troll.
The troll is severely wounded.
A bullfrog comes into view.
The troll bites you!
* * * LOW HITPOINT WARNING * * *
The troll claws you.
You die...

......#
#.......##........
......#
#.###.#########...
.....## #..# #....
####### ####.#
#.... .......
#..#.# #....
..F....####..#.#
#....
...F...h#.#.##.#
#....
.......YT#.#...#
##...
........#@#.####
##..
.......####..# ###
....... #..#
####### ####


You could see a troll, an ice beast, 2 bullfrogs and a jackal.

Vanquished Creatures
  Harold (D:8)
  A two-headed ogre (D:9)
  Pikel (D:7)
  A kobold demonologist (D:9)
  Grinder (D:6)
  A hippogriff (D:8)
  Sigmund (D:4)
  A wyvern (D:8)
  A human (D:8)
  A yak (D:8)
  3 hogs (D:8)
  Edmund (D:4)
  2 slaves (D:7)
  An orc warrior (D:8)
  2 sky beasts
  A black bear (D:9)
  An ice beast (D:7)
  2 phantoms
  3 ogres
  4 big kobolds (D:9)
  3 bullfrogs
  A gnoll sergeant (D:9)
  5 scorpions
  5 killer bees (D:7)
  A crimson imp (D:5)
  A bullfrog zombie (D:6)
  A jelly (D:7)
  A bullfrog skeleton (D:8)
  A gnoll shaman (D:3)
  7 hounds
  An iguana (D:5)
  A centaur skeleton (D:7)
  5 orc wizards
  2 worker ants (D:4)
  7 gnolls
  8 adders
  2 shadow imps
  3 oozes
  An adder skeleton (D:5)
  An adder zombie (D:5)
  4 worms
  5 dart slugs
  7 leopard geckos
  21 orcs
  4 giant cockroaches
  7 goblins
  10 hobgoblins
  13 jackals
  3 quokkas
  3 ball pythons
  8 bats
  8 frilled lizards
  7 kobolds
  A leopard gecko zombie (D:9)
  A quokka skeleton (D:4)
  3 rats
192 creatures vanquished.

Vanquished Creatures (others)
  2 fungi (D:8)
  4 plants (D:8)
6 creatures vanquished.

Grand Total: 198 creatures vanquished

Notes
Turn   | Place    | Note
-------+----------+-------------------------------------------
     0 | D:1      | grindst0ne the Octopode Fighter began the quest for the
                  | Orb.
     0 | D:1      | Reached XP level 1. HP: 16/16 MP: 1/1
    70 | D:1      | Reached XP level 2. HP: 20/21 MP: 2/2
   369 | D:1      | Reached XP level 3. HP: 26/26 MP: 3/3
  1063 | D:2      | Found a sacrificial altar of Ru.
  1074 | D:2      | Reached XP level 4. HP: 28/33 MP: 4/4
  1079 | D:2      | Found a deep blue altar of Sif Muna.
  1818 | D:3      | Reached XP level 5. HP: 29/37 MP: 5/5
  3137 | D:4      | Reached XP level 6. HP: 42/44 MP: 6/6
  3341 | D:4      | Found a basalt altar of Yredelemnul.
  3402 | D:4      | Found an iron altar of Okawaru.
  3437 | D:4      | Became a worshipper of Warmaster Okawaru
  3592 | D:4      | Noticed Edmund
  3607 | D:4      | Killed Edmund
  3607 | D:4      | Reached skill level 5 in Shields
  3877 | D:4      | Noticed Sigmund
  3882 | D:4      | Killed Sigmund
  3882 | D:4      | Reached * piety under Okawaru
  3882 | D:4      | Reached skill level 5 in Fighting
  3882 | D:4      | Reached XP level 7. HP: 33/50 MP: 7/7
  4025 | D:5      | Entered Level 5 of the Dungeon
  4395 | D:5      | Found a staircase to the Ecumenical Temple.
  4447 | Temple   | Entered the Ecumenical Temple
  4564 | D:5      | Reached skill level 5 in Axes
  5085 | D:5      | Reached ** piety under Okawaru
  5085 | D:5      | Reached XP level 8. HP: 29/57 MP: 8/8
  5645 | D:6      | Found a bloodstained altar of Trog.
  5694 | D:6      | Found a sparkling altar of Nemelex Xobeh.
  5796 | D:6      | Found a sparkling altar of Nemelex Xobeh.
  5840 | D:6      | Noticed Grinder
  5846 | D:6      | Paralysed by Grinder for 3 turns
  5853 | D:6      | Killed Grinder
  6896 | D:7      | Reached XP level 9. HP: 50/64 MP: 7/9
  7025 | D:7      | Reached skill level 1 in Stealth
  7072 | D:7      | Found a sacrificial altar of Ru.
  7378 | D:7      | Noticed Pikel
  7408 | D:7      | Killed Pikel
  7408 | D:7      | Reached *** piety under Okawaru
  7408 | D:7      | Reached skill level 4 in Stealth
  7723 | D:8      | Reached skill level 5 in Stealth
  7784 | D:8      | Found a hazy altar of Hepliaklqana.
  7903 | D:8      | Noticed Harold
  7919 | D:8      | Killed Harold
  7919 | D:8      | Reached skill level 7 in Stealth
  7919 | D:8      | Reached XP level 10. HP: 15/72 MP: 2/10
  8239 | D:8      | Found a stormy altar of Qazlal.
  8417 | D:8      | Reached skill level 8 in Stealth
  8446 | D:8      | Reached **** piety under Okawaru
  8514 | D:8      | Found a runed door.
  8520 | D:8      | Noticed Scuka's ghost (novice GrFi)
  8724 | D:9      | Found a glowing silver altar of Zin.
  8736 | D:9      | Found an ornate altar of the Wu Jian Council.
  8745 | D:9      | Noticed a kobold demonologist
  8774 | D:8      | Reached skill level 9 in Stealth
  9002 | D:9      | Noticed an orange demon
  9002 | D:9      | Killed a kobold demonologist
  9270 | D:9      | Noticed a two-headed ogre
  9290 | D:9      | Killed a two-headed ogre
  9290 | D:9      | Reached ***** piety under Okawaru
  9290 | D:9      | Reached skill level 10 in Stealth
  9595 | D:9      | Noticed a cyclops
  9651 | D:10     | Entered Level 10 of the Dungeon
  9788 | D:9      | HP: 3/73 [troll (10)]
  9788 | D:9      | Slain by a troll

Vault maps used:
D:1:      minmay_arrival_five_plusses, st_stairs_7, serial_park_tiny_1
D:2:      lemuel_crystal_altar, nicolae_ru_awakened_eye
D:3:      minmay_shallow_snake_nest
D:4:      overflow_temple_1_default, kennysheep_mini, first_ration,
          sigmund_edmund_badplayer
D:5:      cheibrodos_helix_gallery, minmay_temple_entry_mist
D:6:      lemuel_round_altar, nicolae_overflow_crystal_walls,
          nemelex_xobeh_ov_fountains_minmay, uniq_grinder
D:7:      basic_altar, uniq_pikel
D:8:      kennysheep_mini_moat, nicolae_qazlal_eye_of_the_storm,
          ebering_ghost_funeral_grove, grunt_livestock, uniq_harold
D:9:      kennysheep_little_box, nicolae_overflow_hidden_temple,
          lemuel_crystal_altar, special_room, wad_rectangle_vault
D:10:     lair_entry_dummy, uniq_urug, uniq_maurice, uniq_erolcha
Temple:   minmay_temple_bridge_abc

Skill      XL: |  1  2  3  4  5  6  7  8  9 10 |
---------------+-------------------------------+-----
Axes           | 3 4 5 6 7 8 |  8.6
Fighting       | 4 5 7 8 |  8.9
Shields        | 4 5 7 8 9 |  9.0
Stealth        | 7 10 | 10.5
Dodging        | |  3.0

Action                   |  1- 3 |  4- 6 |  7- 9 | 10-12 || total
-------------------------+-------+-------+-------+-------++-------
Melee: War axe           |    72 |   120 |   200 |   107 ||   499
       Tentacles         |    13 |    27 |    40 |    25 ||   105
       Constrict         |    17 |    32 |    44 |    16 ||   109
       Punch             |       |       |       |     1 ||     1
Invok: Heroism           |       |       |       |     2 ||     2
Evoke: Wand              |       |     5 |     7 |    14 ||    26
  Use: Scroll            |       |     6 |     4 |     3 ||    13
       Potion            |       |     1 |     4 |     1 ||     6
 Stab: Sleeping          |     8 |    11 |     5 |     2 ||    26
       Distracted        |       |       |       |     1 ||     1
  Eat: Chunk             |     1 |     8 |    10 |     5 ||    24
       Ration            |       |       |     1 |       ||     1
Armor: Skin              |    10 |     4 |     9 |     2 ||    25
Dodge: Dodged            |    41 |    43 |    91 |    64 ||   239
Block: Shield            |    33 |    40 |   106 |    75 ||   254

Table legend:
 A = Non-vault XP
 B = Vault XP
 C = Vault XP percentage of total XP
 D = Non-vault monster count
 E = Vault monster count
 F = Vault count percentage of total count
                 A         B        C        D         E       F
            +---------+---------+-------+---------+---------+-------
      Total |    4929 |    4118 |  45.5 |     165 |      25 |  13.2
            +---------+---------+-------+---------+---------+-------
        D:1 |      59 |       1 |   1.7 |      27 |       1 |   3.6
        D:2 |      48 |       0 |   0.0 |      12 |       0 |   0.0
        D:3 |     158 |      16 |   9.2 |      28 |       3 |   9.7
        D:4 |     152 |     389 |  71.9 |      15 |       2 |  11.8
        D:5 |     458 |      18 |   3.8 |      24 |       2 |   7.7
        D:6 |     187 |     267 |  58.8 |       6 |       1 |  14.3
        D:7 |     765 |     651 |  46.0 |      14 |       1 |   6.7
        D:8 |    1307 |    2014 |  60.6 |      24 |       6 |  20.0
        D:9 |    1795 |     762 |  29.8 |      15 |       9 |  37.5
            +---------+---------+-------+---------+---------+-------
